 Dungeon Crawl Stone Soup version 0.22-a0-409-gb855193 (webtiles) character file.

17987 Gaball the Carver (level 12, -7/92 HPs)
             Began as a Vampire Gladiator on May 10, 2018.
             Was a High Priest of Nemelex Xobeh.
             Splashed by an oklob plant's acid (17 damage)
             ... on level 3 of the Lair of Beasts.
             The game lasted 01:01:16 (19521 turns).

Gaball the Carver (Vampire Gladiator)              Turns: 19521, Time: 01:01:18

Health: -7/92      AC:  3    Str: 13    XL:     12   Next: 23%
Magic:  12/12      EV: 20    Int: 11    God:    Nemelex Xobeh [*****.]
Gold:   633        SH:  4    Dex: 20    Spells: 11/11 levels left

rFire    + . .     SeeInvis +   M - +2 long sword
rCold    + + .     Gourm    .   w - +0 buckler
rNeg     + + +     Faith    .   n - +2 robe {rF+}
rPois    ∞         Spirit   .   h - +2 helmet
rElec    .         Reflect  .   O - +0 cloak
rCorr    .         Harm     .   l - +0 pair of gloves
MR       +....                  t - +1 pair of boots
Stlth    +++++++...             P - amulet of the acrobat
HPRegen  0.00/turn              A - ring of see invisible
MPRegen  0.13/turn              (no ring)

@: corroded, bloodless, non-regenerating
A: fangs 3, see invisible, unbreathing
a: Bat Form, Triple Draw, Deal Four, Stack Five, Renounce Religion


You were on level 3 of the Lair of Beasts.
You worshipped Nemelex Xobeh.
Nemelex Xobeh was extremely pleased with you.
You were bloodless.

You visited 2 branches of the dungeon, and saw 15 of its levels.
You also visited: Ice Cave.

You collected 633 gold pieces.

Inventory:

Hand Weapons
 M - a +2 long sword (weapon)
Missiles
 d - 3 throwing nets (quivered)
 r - 374 stones
Armour
 h - a +2 helmet (worn)
 l - a +0 pair of gloves (worn)
 n - a +2 robe of fire resistance (worn)
 t - a +1 pair of boots (worn)
 w - a +0 buckler (worn)
 J - a +0 pair of boots
 O - a +0 cloak (worn)
Jewellery
 A - a ring of see invisible (left hand)
 N - an uncursed ring of fire
 P - an amulet of the acrobat (around neck)
 U - an uncursed ring of poison resistance
Wands
 m - a wand of flame (56)
 F - a wand of polymorph (25)
 V - a wand of iceblast (11)
 X - a wand of paralysis (16)
Scrolls
 c - a scroll of identify
 f - 5 scrolls of amnesia
 g - 2 scrolls of enchant armour
 i - a scroll of blinking {unknown}
 u - 4 scrolls of enchant weapon
 x - 2 scrolls of fear {unknown}
 y - 2 scrolls of fog {unknown}
 D - a scroll of teleportation {unknown}
 E - 2 scrolls of immolation {unknown}
 H - 2 scrolls of magic mapping
 I - 2 scrolls of noise
 R - 2 scrolls of remove curse
 T - a scroll of acquirement {unknown}
 Z - a scroll of summoning {unknown}
Potions
 e - 22 potions of blood
 k - a potion of magic {unknown}
 o - 2 potions of flight
 p - a potion of berserk rage {unknown}
 s - 3 potions of degeneration {unknown}
 v - a potion of might {unknown}
 z - a potion of brilliance {unknown}
 B - 2 potions of agility {unknown}
 C - a potion of haste {unknown}
 G - 3 potions of curing
 K - a potion of resistance {unknown}
 Q - 2 potions of heal wounds {unknown}
 Y - 2 potions of mutation {unknown}
Miscellaneous
 a - a plain deck of destruction {drawn: 10}
 b - a lamp of fire (inert)


   Skills:
 + Level 7.7 Fighting
 - Level 14.0 Long Blades
 - Level 1.5 Throwing
 + Level 1.1 Armour
 + Level 10.1 Dodging
 + Level 12.4 Stealth


You had 11 spell levels left.
You didn't know any spells.

Dungeon Overview and Level Annotations

Branches:
Dungeon (12/15)            Temple (0/1) D:6            Lair (3/6) D:11
  Snake (0/4) Lair:3          Orc (0/2) D:10
  Swamp: Lair:2-4    Shoals: Lair:2-4

Altars:
Cheibriados
Elyvilon
Gozag
Nemelex Xobeh

Annotations:
D:4 Menkaure
D:6 1 exclusion
D:10 panicbit's ghost, novice MiFi
D:11 exclusions: tengu warrior and 1 more exclusion
D:12 Rupert
Lair:3 exclusions: oklob plant and 1 more exclusion


Innate Abilities, Weirdness & Mutations

You do not heal naturally.
You are immune to poison.
You have razor-sharp teeth.
You have supernaturally acute eyesight. (SInv)
You can survive without breathing.


Message History

You draw a card...
It is the Cloud.
The deck of cards glows slightly and disappears.
Clouds appear around you!
The briar patch crumbles away.
The oklob plant spits acid at you. The splash of acid hits you!
* * * LOW HITPOINT WARNING * * *
The acid corrodes you!
You are splashed with acid!
The acid burns!
* * * LOW HITPOINT WARNING * * *
You feel better.
Evoke which item? (* to show all) (? for menu, Esc to quit)
That's the wrong kind of item! (Use * to select it.) Evoke which item? (* to show all) (? for menu, Esc to quit)
Okay, then.
You feel better. The oklob plant spits acid at you.
The splash of acid hits you!
* * * LOW HITPOINT WARNING * * *
You are splashed with acid!
The acid burns!
You die...
Your body disappears without a glow.

####..#..# .
#........# ..#
#..###.### .. ##.# ###
###.##..P##.. .# ##.#
##.#..##..#..##.#
##..#
#§§§.##..#...##.#
#...#
##§P?.....#......#
##..#### #...§#
#.#..P.P..### ##....#
###@.# ##..P.....##≈
##÷### #..#
#..P......#.. #P.#
##..# ##P.........≈
##.#
#...###P.^##.....≈≈
#.#
##..##P..######.≈≈≈
##.#### #...P....#
#.≈≈.
#..##.#####...P....##
#.≈≈.
##..............#...##
#.≈≈P
##########..........#
#.≈≈≈


You could see an oklob plant.

Vanquished Creatures
  A hydra (Lair:3)
  2 two-headed ogres
  A lindwurm (Lair:1)
  A merfolk siren (Lair:2)
  2 black mambas (Lair:1)
  3 spiny frogs
  2 centaur skeletons
  4 komodo dragons
  A polar bear (Lair:3)
  A slime creature (D:7)
  3 vampires
  A wraith (D:11)
  19 yaks
  Eustachio (D:6)
  A basilisk (Lair:3)
  A steam dragon (D:9)
  A hungry ghost (D:7)
  3 wargs
  8 water moccasins
  3 porcupines
  A black bear (D:7)
  An orc warrior (D:11)
  2 sky beasts
  A tengu (D:9)
  11 ice beasts
  3 ogres
  2 phantoms
  5 wolves (Lair:1)
  5 centaurs
  2 crocodiles
  A wyvern zombie (D:8)
  11 bullfrogs
  2 big kobolds
  2 scorpions
  A wyvern skeleton (D:8)
  5 killer bees (D:11)
  A bullfrog zombie (D:12)
  4 crimson imps
  A centaur zombie (D:9)
  3 orc priests (D:11)
  2 hounds
  3 jellies
  5 orc wizards
  A bullfrog skeleton (D:6)
  Jessica (D:2)
  Terence (D:2)
  5 iguanas
  3 worker ants
  A hound skeleton (D:5)
  2 worker ant zombies (D:9)
  Robin (D:1)
  4 gnolls
  9 adders
  4 shadow imps
  An ooze (D:2)
  An adder zombie (D:8)
  4 worms
  2 dart slugs
  3 leopard geckos
  25 orcs
  9 bats
  5 giant cockroaches
  18 goblins
  14 hobgoblins
  10 jackals
  5 quokkas
  A ball python (D:6)
  4 frilled lizards
  22 kobolds
  A leopard gecko skeleton (D:4)
  11 rats
301 creatures vanquished.

Vanquished Creatures (collateral kills)
  A two-headed ogre (D:8)
  A hippogriff (D:8)
  Prince Ribbit (D:7)
  A wyvern (D:8)
  Sigmund (D:3)
  A phantom (D:6)
  2 centaurs
  A scorpion (D:7)
  3 wights (D:6)
  A worker ant (D:6)
  A shadow imp (D:8)
  A leopard gecko (D:7)
  An orc (D:7)
  A giant cockroach (D:6)
  A rat (D:3)
18 creatures vanquished.

Vanquished Creatures (others)
  A sky beast (D:5)
  An iguana (D:5)
  A briar patch (Lair:3)
  10 fungi
  A plant (Lair:2)
14 creatures vanquished.

Grand Total: 333 creatures vanquished

Notes
Turn   | Place    | Note
-------+----------+-------------------------------------------
     0 | D:1      | Gaball the Vampire Gladiator began the quest for the Orb.
     0 | D:1      | Reached XP level 1. HP: 16/16 MP: 1/1
    90 | D:1      | Reached skill level 1 in Stealth
    94 | D:1      | Reached XP level 2. HP: 19/22 MP: 2/2
   372 | D:1      | Reached XP level 3. HP: 23/27 MP: 3/3
   833 | D:2      | Found an opulent altar of Gozag.
   836 | D:2      | Found a white marble altar of Elyvilon.
  1484 | D:2      | Reached XP level 4. HP: 13/34 MP: 4/4
  1950 | D:2      | Noticed Jessica
  1959 | D:2      | Noticed Terence
  1962 | D:2      | Killed Jessica
  1962 | D:2      | Reached skill level 4 in Long Blades
  1975 | D:2      | Killed Terence
  2121 | D:2      | Reached XP level 5. HP: 36/41 MP: 5/5
  2302 | D:2      | Noticed Robin
  2853 | D:1      | Killed Robin
  3305 | D:3      | Found a sparkling altar of Nemelex Xobeh.
  3318 | D:3      | Became a worshipper of Nemelex Xobeh the Trickster
  3343 | D:3      | Received a gift from Nemelex Xobeh
  3421 | D:3      | Noticed Sigmund
  3428 | D:3      | Noticed a rust devil
  3435 | D:3      | Killed Sigmund
  3435 | D:3      | Reached skill level 5 in Long Blades
  3435 | D:3      | Reached skill level 5 in Stealth
  3435 | D:3      | Reached XP level 6. HP: 47/47 MP: 6/6
  4000 | D:3      | Received a gift from Nemelex Xobeh
  4286 | D:4      | Reached * piety under Nemelex Xobeh
  4306 | D:4      | Noticed Menkaure
  4776 | D:5      | Entered Level 5 of the Dungeon
  4797 | D:5      | Noticed a sky beast
  4803 | D:5      | Reached ** piety under Nemelex Xobeh
  4803 | D:5      | Received a gift from Nemelex Xobeh
  4819 | D:5      | Killed a sky beast
  4850 | D:5      | Reached skill level 6 in Long Blades
  4850 | D:5      | Reached XP level 7. HP: 33/52 MP: 7/7
  5652 | D:5      | Received a gift from Nemelex Xobeh
  6242 | D:6      | Reached skill level 7 in Long Blades
  7015 | D:6      | Reached XP level 8. HP: 34/58 MP: 8/8
  7140 | D:6      | Noticed Eustachio
  7181 | D:6      | Killed Eustachio
  7194 | D:6      | Reached skill level 8 in Long Blades
  7482 | D:6      | Found a snail-covered altar of Cheibriados.
  7631 | D:6      | Found a staircase to the Ecumenical Temple.
  7921 | D:7      | Reached skill level 9 in Long Blades
  7935 | D:7      | Received a gift from Nemelex Xobeh
  8302 | D:7      | Reached XP level 9. HP: 52/64 MP: 9/9
  8317 | D:7      | Reached skill level 5 in Dodging
  8615 | D:7      | Reached skill level 10 in Long Blades
  8620 | D:7      | Noticed Prince Ribbit
  8623 | D:7      | Killed Prince Ribbit
  8895 | D:8      | Noticed a two-headed ogre
  9257 | D:8      | Noticed a manticore
  9391 | D:8      | a manticore changed into a hippogriff
  9402 | D:8      | Noticed a two-headed ogre
  9406 | D:8      | Killed a two-headed ogre
  9784 | D:8      | Killed a two-headed ogre
  9784 | D:8      | Reached skill level 11 in Long Blades
  9829 | D:8      | Reached *** piety under Nemelex Xobeh
  9865 | D:8      | Reached XP level 10. HP: 73/73 MP: 10/10
 12261 | D:9      | Noticed a two-headed ogre
 12283 | D:9      | Killed a two-headed ogre
 12283 | D:9      | Reached skill level 5 in Fighting
 12337 | D:9      | Reached skill level 12 in Long Blades
 12347 | D:9      | Got a pair of dazzling boots
 12358 | D:9      | Identified the +0 pair of boots of Integrity {-Tele *Slow rPois Str+10} (You found it on level 9 of the Dungeon)
 12384 | D:9      | Received a gift from Nemelex Xobeh
 12728 | D:9      | Noticed Psyche
 12729 | D:9      | Noticed Psyche
 12729 | D:9      | Psyche changed into Psyche the warg
 12743 | D:8      | Killed Psyche the warg
 13005 | D:10     | Entered Level 10 of the Dungeon
 13042 | D:10     | Found a staircase to the Orcish Mines.
 13205 | D:10     | Noticed panicbit's ghost (novice MiFi)
 13846 | D:10     | Received a gift from Nemelex Xobeh
 14059 | D:10     | You fall through a shaft!
 14107 | D:11     | Found a frozen archway.
 14179 | D:11     | Reached skill level 10 in Stealth
 14239 | D:11     | Reached XP level 11. HP: 80/81 MP: 11/11
 14338 | IceCv    | Entered an ice cave
 14367 | D:11     | Noticed a four-headed hydra
 14472 | D:11     | Reached **** piety under Nemelex Xobeh
 14513 | D:11     | Found a staircase to the Lair.
 15269 | D:11     | Received a gift from Nemelex Xobeh
 15274 | D:11     | Reached skill level 13 in Long Blades
 15316 | D:11     | Noticed a tengu warrior
 15529 | D:11     | Noticed a two-headed ogre
 15723 | D:12     | Noticed Rupert
 15757 | Lair:1   | Entered Level 1 of the Lair of Beasts
 15923 | Lair:1   | Received a gift from Nemelex Xobeh
 16057 | Lair:1   | HP: 1/83 [spiny frog (20)]
 16476 | Lair:1   | Received a gift from Nemelex Xobeh
 16680 | Lair:1   | Noticed a lindwurm
 16687 | Lair:1   | Killed a lindwurm
 17048 | Lair:2   | Reached ***** piety under Nemelex Xobeh
 18217 | Lair:3   | Noticed a seven-headed hydra
 18601 | Lair:3   | Received a gift from Nemelex Xobeh
 18631 | Lair:3   | Reached XP level 12. HP: 91/91 MP: 12/12
 18638 | Lair:3   | Found a staircase to the Snake Pit.
 18773 | Lair:3   | Noticed a four-headed hydra
 18800 | Lair:3   | Killed a four-headed hydra
 18800 | Lair:3   | Reached skill level 14 in Long Blades
 19042 | Lair:3   | Reached skill level 10 in Dodging
 19155 | Lair:3   | Noticed a four-headed hydra
 19376 | Lair:3   | Reached skill level 1 in Armour
 19496 | Lair:3   | Noticed a thorn hunter
 19496 | Lair:3   | an oklob plant changed into a thorn hunter
 19511 | Lair:3   | a thorn hunter changed into an oklob plant
 19518 | Lair:3   | HP: 2/92 [acid (12)]
 19521 | Lair:3   | Splashed by an oklob plant's acid

Vault maps used:
D:1:      moated_graveyard_arrival, minmay_pentomino_p2
D:2:      grunt_temple_overflow_open, uniq_jessica, uniq_robin, uniq_terence
D:3:      lemuel_round_altar, first_ration, grunt_ministairs_9,
          minmay_misc_feat_alley, uniq_sigmund
D:4:      hex_large, uniq_menkaure
D:5:      minmay_misc_feat_cross
D:6:      minmay_diamond_boxcup, cheibriados_altar_1,
          minmay_temple_entry_junction, uniq_eustachio
D:7:      uniq_prince_ribbit1
D:9:      serial_glass, glass_columns_a, glass_columns_b, glass_columns_b,
          glass_columns_a, glass_columns_a, glass_columns_a, uniq_psyche
D:10:     orc_0_dummy
D:11:     erik_lair_orcish_takeover, portal_ice_cave_entry_ice_beasts,
          grunt_tengu_nest
D:12:     uniq_rupert
Lair:1:   nicolae_volcano_entry_vermiform, nicolae_quartered_pool_medium
Lair:2:   elwin_shoals_entry_stream, serial_bayou_shore_a
Lair:3:   guppyfry_snake_entry_island
IceCv:    ice_cave_small_dragons

Skill      XL: |  1  2  3  4  5  6  7  8  9 10 11 12 |
---------------+-------------------------------------+-----
Stealth        | 1 2 3 4 5 6 8 9 10 11 12 | 12.4
Fighting       | 2 3 4 6 7 |  7.7
Long Blades    | 4 5 6 7 9 11 12 13 14 | 14.0
Dodging        | 4 7 8 9 10 | 10.1
Armour         | 1 |  1.1
Throwing       | |  1.5

Action                   |  1- 3 |  4- 6 |  7- 9 | 10-12 || total
-------------------------+-------+-------+-------+-------++-------
Melee: Long sword        |   105 |   132 |   258 |   797 ||  1292
       Bite              |    11 |    15 |    36 |   152 ||   214
Evoke: Deck              |       |     6 |    38 |    40 ||    84
       Wand              |       |       |    12 |    32 ||    44
       Lamp of fire      |       |       |       |     1 ||     1
  Use: Potion            |       |     6 |     8 |    19 ||    33
       Scroll            |       |     1 |     7 |     4 ||    12
 Stab: Sleeping          |     5 |    10 |     9 |    18 ||    42
       Paralysed         |       |       |     8 |    22 ||    30
       Distracted        |       |       |     1 |     9 ||    10
Armor: Leather armour    |    21 |     6 |       |       ||    27
       Robe              |       |    31 |    47 |    94 ||   172
Dodge: Dodged            |    76 |   101 |   163 |   458 ||   798
Block: Buckler           |       |     9 |    37 |    95 ||   141
       Rpst.: Long sword |    28 |    26 |    40 |   147 ||   241

Table legend:
 A = Spawn XP
 B = Non-spawn XP
 C = Spawn XP percentage of total XP
 D = Spawn monster count
 E = Non-spawn monster count
 F = Spawn count percentage of total count
 G = Total turns spent on level
                    A         B        C        D         E        F      G
               +---------+---------+-------+---------+---------+-------+---------
         Total |       0 |   25697 |   0.0 |       0 |     321 |   0.0 | 19521
               +---------+---------+-------+---------+---------+-------+---------
           D:1 |       0 |      61 |   0.0 |       0 |      32 |   0.0 |   985
           D:2 |       0 |     201 |   0.0 |       0 |      39 |   0.0 |  2359
           D:3 |       0 |     219 |   0.0 |       0 |      23 |   0.0 |   942
           D:4 |       0 |      63 |   0.0 |       0 |       9 |   0.0 |   496
           D:5 |       0 |     375 |   0.0 |       0 |      15 |   0.0 |  1289
           D:6 |       0 |    1205 |   0.0 |       0 |      23 |   0.0 |  1814
           D:7 |       0 |    1741 |   0.0 |       0 |      26 |   0.0 |  2570
           D:8 |       0 |    2277 |   0.0 |       0 |      20 |   0.0 |  1044
           D:9 |       0 |    2457 |   0.0 |       0 |      32 |   0.0 |  1506
          D:10 |       0 |    1840 |   0.0 |       0 |      14 |   0.0 |  1062
          D:11 |       0 |    4450 |   0.0 |       0 |      42 |   0.0 |  1665
          D:12 |       0 |      49 |   0.0 |       0 |       1 |   0.0 |    16
        Lair:1 |       0 |    3017 |   0.0 |       0 |      15 |   0.0 |  1457
        Lair:2 |       0 |    3430 |   0.0 |       0 |      13 |   0.0 |   979
        Lair:3 |       0 |    4312 |   0.0 |       0 |      17 |   0.0 |  1328
               +---------+---------+-------+---------+---------+-------+---------
